 Dungeon Crawl Stone Soup version 0.23-a0-517-gb7c078159a (webtiles) character file.

249 LLavrengius the Shield-Bearer (level 6, -13/43 HPs)
             Began as an Octopode Fighter on Dec 6, 2018.
             Was an Initiate of the Shining One.
             Killed by divine providence
             ... invoked by an orc priest
              (16 damage)
             ... on level 4 of the Dungeon.
             The game lasted 00:11:56 (2837 turns).

LLavrengius the Shield-Bearer (Octopode Fighter)    Turns: 2837, Time: 00:11:56

Health: -13/43     AC:  1    Str: 15    XL:     6   Next: 12%
Magic:  6/6        EV: 12    Int: 12    God:    the Shining One [......]
Gold:   71         SH: 10    Dex: 12    Spells: 5/5 levels left

rFire    . . .     SeeInvis .   a - +0 long sword
rCold    . . .     Gourm    .   b - +0 shield
rNeg     . . .     Faith    .   (helmet restricted)
rPois    .         Spirit   .   (no amulet)
rElec    .         Reflect  .   (no ring)
rCorr    .         Harm     .   (no ring)
MR       .....                  (no ring)
Stlth    +.........             (no ring)
HPRegen  0.14/turn              (no ring)
MPRegen  0.10/turn              (no ring)
                                (no ring)
                                (no ring)

@: glowing
A: almost no armour, stealthy swim, amphibious, 8 rings, constrict 8, camouflage
1, gelatinous body 1
a: Renounce Religion


You were on level 4 of the Dungeon.
You worshipped the Shining One.
The Shining One was noncommittal.
You were not hungry.

You visited 1 branch of the dungeon, and saw 4 of its levels.

You collected 71 gold pieces.

Inventory:

Hand Weapons
 a - a +0 long sword (weapon)
Missiles
 f - 5 tomahawks
 l - 20 sling bullets
 p - 78 stones (quivered)
Armour
 b - a +0 shield (worn)
Jewellery
 e - an uncursed amulet of the acrobat {unknown}
Scrolls
 g - 2 scrolls of fear {unknown}
 i - 2 scrolls of identify {unknown}
 j - 2 scrolls of noise {unknown}
 m - a scroll of remove curse {unknown}
 n - a scroll of blinking {unknown}
 o - a scroll of magic mapping {unknown}
 q - 3 scrolls of amnesia {unknown}
 r - a scroll of teleportation {unknown}
Potions
 c - 3 potions of might
 h - 2 potions of degeneration {unknown}
 k - a potion of lignification {unknown}
Comestibles
 d - 3 rations


   Skills:
 + Level 3.8 Fighting
 - Level 2.0 Long Blades
 - Level 3.0 Dodging
 + Level 6.2 Shields


You had 5 spell levels left.
You didn't know any spells.
Your spell library was empty.

Dungeon Overview and Level Annotations

Branches:
Dungeon (4/15)
 Temple: D:4-7

Altars:
Gozag
The Shining One


Innate Abilities, Weirdness & Mutations

You cannot wear most types of armour.
You are very stealthy in the water. (Stealth+)
You are amphibious.
You can wear up to eight rings at the same time.
You can use your tentacles to constrict eight enemies at once.
Your skin changes colour to match your surroundings (Stealth+).
Your rubbery body absorbs attacks. (AC +1, EV +1)


Message History

Increase (S)trength, (I)ntelligence, or (D)exterity?
You feel clever.
You are too injured to fight recklessly!
You are too injured to fight recklessly!
You slash the orc!
You kill the orc!
You closely miss the orc. You grab the orc. You constrict the orc.
The orc hits you with a +0 flail!
* * * LOW HITPOINT WARNING * * *
Unknown command.
You slash the orc!
You kill the orc!
You hit the orc but do no damage. Your grab misses the orc.
You block the orc's attack.
You hit the orc. Your grab misses the orc. Your squeeze misses the orc.
The orc is heavily wounded.
You block the orc's attack.
The orc priest calls down the wrath of Beogh upon you.
Beogh smites you!
You die...

##########.#####+#.# #.#
#.# # #.## #.# #..# #.#
##.## #.# #.o# #.#
######### ##o# #.#
#.......# #.###.# #
#.......# ..####oo##@#.#
#.......#
.........##o#.#####..[....#
#..........o..#...#.......#
#.........#.###...#.....[.#
#########.#.###...#.......#
#.............#'###
#...###########.# #...# #.#
#...# #.#


You could see an orc priest and an orc.

Vanquished Creatures
  An ogre (D:4)
  An orc priest (D:3)
  A worker ant (D:2)
  4 adders
  2 oozes (D:2)
  2 worms (D:2)
  A dart slug (D:1)
  2 leopard geckos
  7 orcs
  4 giant cockroaches
  12 goblins
  3 hobgoblins
  5 kobolds
  3 quokkas
  A ball python (D:3)
  4 bats
  A frilled lizard (D:1)
  5 rats
59 creatures vanquished.

Notes
Turn   | Place    | Note
-------+----------+-------------------------------------------
     0 | D:1      | LLavrengius the Octopode Fighter began the quest for the
                  | Orb.
     0 | D:1      | Reached XP level 1. HP: 16/16 MP: 1/1
   109 | D:1      | Reached XP level 2. HP: 21/21 MP: 2/2
   483 | D:1      | Reached skill level 4 in Shields
   675 | D:2      | Reached XP level 3. HP: 18/26 MP: 3/3
   972 | D:2      | Reached XP level 4. HP: 28/31 MP: 4/4
  1021 | D:2      | Noticed an ogre
  1025 | D:2      | HP: 1/31 [ogre/+0 giant club (25)]
  1335 | D:2      | Reached skill level 5 in Shields
  1787 | D:3      | Reached XP level 5. HP: 35/36 MP: 5/5
  1813 | D:3      | Found an opulent altar of Gozag.
  2483 | D:3      | Found a glowing golden altar of the Shining One.
  2659 | D:3      | Became a worshipper of the Shining One
  2802 | D:4      | Noticed an ogre
  2824 | D:4      | Killed an ogre
  2824 | D:4      | Reached skill level 6 in Shields
  2824 | D:4      | Reached XP level 6. HP: 13/43 MP: 6/6
  2834 | D:4      | HP: 2/43 [orc/+0 flail (12)]
  2837 | D:4      | Killed from afar by an orc priest

Vault maps used:
D:1:      dpeg_arrival_tiny_f
D:2:      serial_curves, eino_curves_04, eino_curves_01
D:3:      lemuel_round_altar, grunt_gozag_breadcrumbs
D:4:      kennysheep_mini_moat, first_ration

Skill      XL: |  1  2  3  4  5 |
---------------+----------------+-----
Shields        | 4 5 6 |  6.2
Fighting       | |  3.8
Long Blades    | |  2.0
Dodging        | |  3.0

Action                   |  1- 3 |  4- 6 || total
-------------------------+-------+-------++-------
Melee: Long sword        |    37 |    67 ||   104
       Tentacles         |    12 |    11 ||    23
       Constrict         |    10 |    12 ||    22
  Use: Potion            |       |     1 ||     1
 Stab: Sleeping          |     3 |     6 ||     9
  Eat: Chunk             |       |     6 ||     6
Armor: Skin              |     2 |     3 ||     5
Dodge: Dodged            |    16 |    31 ||    47
Block: Shield            |    11 |    30 ||    41
       Rpst.: Long sword |     8 |     8 ||    16

Table legend:
 A = Non-vault XP
 B = Vault XP
 C = Vault XP percentage of total XP
 D = Non-vault monster count
 E = Vault monster count
 F = Vault count percentage of total count
                 A         B        C        D         E       F
            +---------+---------+-------+---------+---------+-------
      Total |     357 |       0 |   0.0 |      59 |       0 |   0.0
            +---------+---------+-------+---------+---------+-------
        D:1 |      31 |       0 |   0.0 |      17 |       0 |   0.0
        D:2 |     116 |       0 |   0.0 |      19 |       0 |   0.0
        D:3 |      80 |       0 |   0.0 |      16 |       0 |   0.0
        D:4 |     130 |       0 |   0.0 |       7 |       0 |   0.0
            +---------+---------+-------+---------+---------+-------
